 Dungeon Crawl Stone Soup version 0.29.0-4-gdea44cf6ec (webtiles) character file.

Game seed: 10662786128695356738

93 qw the Chopper (level 4, 0/42 HPs)
             Began as a Gargoyle Berserker on Sept 8, 2022.
             Was a Believer of Trog.
             Slain by a black bear (3 damage)
             ... on level 6 of the Dungeon.
             The game lasted 00:00:49 (2520 turns).

qw the Chopper (Gargoyle Berserker)                 Turns: 2520, Time: 00:00:49

Health: 0/42       AC: 16    Str: 23    XL:     4   Next: 62%
Magic:  4/4        EV:  8    Int:  7    God:    Trog [**....]
Gold:   203        SH:  0    Dex:  9    Spells: 3/3 levels left

rFire   . . .      SeeInvis .   Y - +0 hand axe
rCold   . . .      Faith    .   (no shield)
rNeg    + . .      Spirit   .   f - +0 chain mail
rPois   inf        Reflect  .   (no helmet)
rElec   +          Harm     .   (no cloak)
rCorr   .          Rampage  .   (no gloves)
Will    .....                   (no boots)
Stlth   ..........              (no amulet)
HPRegen 0.14/turn               l - +4 ring of protection
MPRegen 0.09/turn               (no ring)

@: berserking, very quick
A: sickness immunity, AC +3, negative energy resistance 1, electricity
resistance, torment resistance 1, petrification resistance
a: Renounce Religion, Berserk, Trog's Hand


You were on level 6 of the Dungeon.
You worshipped Trog.
Trog was pleased with you.
You visited 1 branch of the dungeon, and saw 4 of its levels.

You collected 203 gold pieces.


Innate Abilities, Weirdness & Mutations

You are immune to sickness and miasma.
Your stone body is resilient. (AC +3)
You are immune to poison.
You resist negative energy. (rN+)
You are resistant to electric shocks. (rElec)
You are resistant to unholy torment.
You are immune to petrification.


   Skills:
 - Level 3.2 Fighting
 + Level 4.8 Axes
 - Level 2.1 Armour
 - Level 1.5 Dodging


You had 3 spell levels left.
You didn't know any spells.
Your spell library was empty.

Inventory:

Hand Weapons
 g - a +0 flail
 Y - a +0 hand axe (weapon)
Missiles
 i - 4 boomerangs (quivered)
Armour
 f - a +0 chain mail (worn)
 m - a +0 buckler
Jewellery
 c - a ring of fire
 l - a +4 ring of protection (left hand)
Scrolls
 b - 2 scrolls of teleportation
 d - a scroll of identify
Potions
 a - a potion of curing {unknown}
 e - 2 potions of mutation {unknown}
 h - 3 potions of might
 j - a potion of attraction {unknown}
 k - 2 potions of heal wounds {unknown}

Dungeon Overview and Level Annotations

Branches:
Dungeon (3/15)

Altars:
Yredelemnul


Message History

The centaur kicks you but does no damage.
You barely miss the centaur.
The centaur is moderately wounded.
You hit the black bear. The centaur hits you.
The centaur kicks you but does no damage.
The black bear bites you.
The black bear claws you but does no damage.
The black bear barely misses you.
You hit the centaur.
The centaur is moderately wounded.
You slash the black bear! The centaur barely misses you. x2
You slash the black bear!
The black bear is severely wounded.
You hit the centaur.
The black bear bites you but does no damage.
The black bear claws you but does no damage. x2
The centaur barely misses you.
The centaur kicks you but does no damage.
You closely miss the black bear.
The black bear is severely wounded.
You barely miss the centaur.
The centaur hits you but does no damage.
The centaur kicks you but does no damage.
The black bear goes berserk!
You closely miss the black bear.
The black bear is severely wounded.
You hit the centaur.
The centaur hits you but does no damage.
The centaur closely misses you.
The black bear bites you but does no damage.
The black bear claws you. x2
You barely miss the centaur.
The centaur is almost dead.
You hit the black bear. The centaur closely misses you.
The centaur kicks you but does no damage.
The black bear bites you. The black bear claws you.
You die...

.?.............#
...............#
..#!....##........
#.....##........
#.....##........
#.....##........
##.#.....##........
.........#########.
#......@.#
......hc##
........# ###.....#
.....### ###.#.
.... #..#.


You could see a black bear (berserk) and a centaur.

Vanquished Creatures
  2 adders
  A worm (D:2)
  5 orcs (D:3)
  4 ball pythons
  6 endoplasms
  5 giant cockroaches
  4 hobgoblins
  7 jackals (D:1)
  4 quokkas
  9 bats
  A frilled lizard (D:1)
  6 goblins
  4 kobolds
  2 rats
60 creatures vanquished.

Notes
Turn   | Place    | Note
-------+----------+-------------------------------------------
     0 | D:1      | qw the Gargoyle Berserker began the quest for the Orb.
     0 | D:1      | Reached XP level 1. HP: 14/14 MP: 1/1
     0 | D:1      | 0 ||| qw: Version: 0.1-a-112-g44dc6cd
     0 | D:1      | 0 ||| qw: Game counter: 6775
     0 | D:1      | 0 ||| qw: Always use a shield: true
     0 | D:1      | 0 ||| qw: Do Orc after D:15 true
     0 | D:1      | 0 ||| qw: Do second Lair branch before Depths: true
     0 | D:1      | 0 ||| qw: Lair rune preference: random
     0 | D:1      | 0 ||| qw: Plans: Normal
     0 | D:1      | 0 ||| PLANNING D:1-11
    18 | D:1      | 18 ||| INVOKING Berserk.
    19 | D:1      | 19 ||| INVOKING Berserk.
   327 | D:1      | Reached skill level 3 in Axes
   360 | D:1      | Reached XP level 2. HP: 19/19 MP: 2/2
   567 | D:1      | 567 ||| Stepping ~*~*~tactically~*~*~ (stealth).
   688 | D:1      | 688 ||| Stepping ~*~*~tactically~*~*~ (stealth).
   695 | D:1      | Reached XP level 3. HP: 22/23 MP: 3/3
   756 | D:1      | Reached ** piety under Trog
   903 | D:1      | 903 ||| DROPPING +0 club.
  1009 | D:1      | Reached skill level 4 in Axes
  1082 | D:1      | 1082 ||| UPGRADING to +0 chain mail.
  1092 | D:1      | 1092 ||| DROPPING +0 animal skin.
  1093 | D:1      | 1093 ||| UPGRADING to +4 ring of protection.
  1094 | D:1      | 1094 ||| READING scroll labelled TOECIU PES LAH.
  1095 | D:1      | 1095 ||| READING scroll labelled AVEVAN OMUE.
  1096 | D:1      | 1096 ||| READING scroll labelled KEUFRE UPNU.
  1097 | D:1      | 1097 ||| READING scroll labelled CANLEH NUGAO.
  1098 | D:1      | 1098 ||| DRINKING 3 inky potions.
  1392 | D:2      | Found a basalt altar of Yredelemnul.
  1536 | D:2      | 1536 ||| INVOKING Berserk.
  1705 | D:2      | Reached XP level 4. HP: 27/28 MP: 4/4
  1815 | D:2      | 1815 ||| READING scroll labelled BECHYM OROYTRO.
  1816 | D:2      | 1816 ||| READING 2 scrolls labelled TIMPOW ISUOC.
  1820 | D:2      | 1820 ||| READING scroll labelled IRIPEY OLO WEUSIUD.
  1821 | D:2      | 1821 ||| READING scroll labelled PAIN JENAFEUX.
  1822 | D:2      | 1822 ||| DRINKING 2 golden potions.
  1923 | D:2      | 1923 ||| DROPPING potion of ambrosia.
  2159 | D:3      | 2159 ||| Stepping ~*~*~tactically~*~*~ (stealth).
  2160 | D:3      | 2160 ||| Stepping ~*~*~tactically~*~*~ (stealth).
  2346 | D:3      | 2346 ||| DROPPING +0 mace.
  2501 | D:3      | You fall into a shaft and drop 3 floors!
  2505 | D:6      | Noticed a centaur
  2508 | D:6      | Noticed a black bear
  2512 | D:6      | 2512 ||| INVOKING Berserk.
  2515 | D:6      | HP: 10/42 [black bear (1)]
  2520 | D:6      | HP: 3/42 [black bear (3)]
  2520 | D:6      | Slain by a black bear

Levels and vault maps discovered:
D:1:      dpeg_arrival_arbitrary_b, layout_basic, minmay_domino_2
D:2:      layout_basic, basic_altar
D:3:      layout_basic
D:6:      layout_basic, minmay_temple_entry_hall

Skill      XL: |  1  2  3 |
---------------+----------+-----
Axes           | 3 4 |  4.8
Fighting       | |  3.2
Armour         | |  2.1
Dodging        | |  1.5

Action                   |  1- 3 |  4- 6 || total
-------------------------+-------+-------++-------
Melee: Hand axe          |   122 |    40 ||   162
       Punch             |       |     1 ||     1
Throw: Boomerang         |       |     8 ||     8
Invok: Berserk           |     2 |     1 ||     3
  Use: Scroll            |     4 |     4 ||     8
       Potion            |     1 |     1 ||     2
Armor: Animal skin       |    25 |       ||    25
       Chain mail        |    21 |    35 ||    56
Dodge: Dodged            |    53 |    22 ||    75

Table legend:
 A = Non-vault XP
 B = Vault XP
 C = Vault XP percentage of total XP
 D = Non-vault monster count
 E = Vault monster count
 F = Vault count percentage of total count
                 A         B        C        D         E       F
            +---------+---------+-------+---------+---------+-------
      Total |     131 |       3 |   2.2 |      58 |       2 |   3.3
            +---------+---------+-------+---------+---------+-------
        D:1 |      56 |       3 |   5.1 |      31 |       2 |   6.1
        D:2 |      34 |       0 |   0.0 |      12 |       0 |   0.0
        D:3 |      41 |       0 |   0.0 |      15 |       0 |   0.0
            +---------+---------+-------+---------+---------+-------
